 Dungeon Crawl Stone Soup version 0.28.0-47-ge53b351184 (webtiles) character file.

Game seed: 3138019172623308815

75 RatsInWalls the Covered (level 4, 5/34 HPs)
             Began as a Human Wanderer on May 9, 2022.
             Was a Follower of Fedhas.
             Quit the game on level 3 of the Dungeon.
             The game lasted 00:05:11 (2569 turns).

RatsInWalls the Covered (Human Wanderer)            Turns: 2569, Time: 00:05:12

Health: 5/34       AC:  9    Str: 17    XL:     4   Next: 55%
Magic:  4/4        EV:  7    Int: 11    God:    Fedhas [*.....]
Gold:   26         SH:  4    Dex: 11    Spells: 3/3 levels left

rFire   . . .      SeeInvis .   a - +0 short sword
rCold   . . .      Faith    .   c - +0 buckler
rNeg    . . .      Spirit   .   b - +0 chain mail
rPois   .          Reflect  .   (no helmet)
rElec   .          Harm     .   (no cloak)
rCorr   .          Rampage  .   (no gloves)
Will    .....                   (no boots)
Stlth   ..........              (no amulet)
HPRegen 0.11/turn               (no ring)
MPRegen 0.09/turn               (no ring)

@: no status effects
A: no striking features
a: Renounce Religion


You were on level 3 of the Dungeon.
You worshipped Fedhas.
Fedhas was aware of your devotion.
You visited 1 branch of the dungeon, and saw 3 of its levels.

You collected 98 gold pieces.
You spent 72 gold pieces at shops.

Inventory:

Hand Weapons
 a - a +0 short sword (weapon)
 m - a +2 vorpal hunting sling
Missiles
 h - 5 poisoned darts (quivered)
Armour
 b - a +0 chain mail (worn)
 c - a +0 buckler (worn)
Jewellery
 n - a ring of wizardry
Scrolls
 g - a scroll of fear
 j - a scroll of immolation {unknown}
 k - a scroll of teleportation {unknown}
 o - a scroll of noise {unknown}
Potions
 d - a potion of curing
 e - a potion of berserk rage
 f - a potion of heal wounds
 i - a potion of degeneration {unknown}
 l - a potion of brilliance


   Skills:
 + Level 2.6 Fighting
 + Level 1.0 Short Blades
 + Level 5.3 Armour
 + Level 1.9 Dodging
 - Level 1.6 Stealth
 + Level 1.9 Shields


You had 3 spell levels left.
You didn't know any spells.
Your spell library contained the following spells:

 Spells                   Type           Power      Damage    Failure   Level
 Sting                    Tmut/Pois      0%         1d3       99%         1
 Poisonous Vapours        Pois/Air       0%         N/A       100%        2
 Olgreb's Toxic Radiance  Pois           0%         N/A       100%        4


Dungeon Overview and Level Annotations

Branches:
Dungeon (3/15)

Altars:
Cheibriados
Fedhas

Shops:
D:3 *


Message History

There is an open door here.
You see here a ball python skeleton.
Things that are here:
a +0 dagger; a kobold skeleton
There is an open door here.
Found a stone staircase leading down.
You now have 26 gold pieces (gained 13).
A gnoll comes into view. It is wielding a +0 spear.
The gnoll shouts!
You hear a shout!
A gnoll is nearby!
A gnoll comes into view. It is wielding a +0 flail.
The gnoll shouts!
A gnoll comes into view. It is wielding a +0 club.
The gnoll hits you but does no damage. The gnoll hits you but does no damage.
You closely miss the gnoll. The gnoll hits you with a +0 spear.
You hit the gnoll but do no damage. The gnoll hits you with a +0 spear.
You hit the gnoll but do no damage. You barely miss the gnoll.
The gnoll hits you but does no damage.
The gnoll hits you from afar with a +0 spear.
You hit the gnoll.
The gnoll is lightly wounded.
The gnoll barely misses you. The gnoll hits you but does no damage.
You barely miss the gnoll.
The gnoll is lightly wounded.
You block the gnoll's attack. x2
You completely miss the gnoll.
The gnoll is lightly wounded.
You block the gnoll's attack.
The gnoll hits you from afar with a +0 spear.
The gnoll hits you with a +0 flail.
You hit the gnoll.
The gnoll is heavily wounded.
The gnoll hits you from afar with a +0 spear.
The gnoll hits you with a +0 flail!
You hit the gnoll but do no damage.
The gnoll is heavily wounded.
The gnoll hits you but does no damage. The gnoll hits you with a +0 flail!
* * * LOW HITPOINT WARNING * * *
Are you sure you want to abandon this character and quit the game? (Confirm with "yes".)

...[..##.#
......##'#########
......#........(.#
......#..........###########
##+####..........#.........#
##.# #..........#.........#
...# #..........# ........#
#######).........# .......#
#..)..........@####.....###
#.####'########ggg.........
#.# ### #.########### #.#
###.##### #.###### #.......#
#......# #.#.##### ######.#
#.#.# #.# #.#.# #.# #.#.#


You could see 3 gnolls.

Vanquished Creatures
  An iguana (D:3)
  2 adders (D:2)
  4 orcs (D:3)
  2 endoplasms
  2 giant cockroaches
  5 hobgoblins
  A kobold (D:3)
  3 ball pythons
  3 bats (D:1)
  2 frilled lizards (D:2)
  A goblin (D:3)
  A rat (D:2)
27 creatures vanquished.

Notes
Turn   | Place    | Note
-------+----------+-------------------------------------------
     0 | D:1      | RatsInWalls the Human Wanderer began the quest for the Orb.
     0 | D:1      | RatsInWalls set off with the following items: a +0 short
                  | sword, a +0 chain mail, a +0 buckler
     0 | D:1      | Reached XP level 1. HP: 16/16 MP: 1/1
   365 | D:1      | Reached XP level 2. HP: 11/22 MP: 2/2
   876 | D:2      | Found a faded altar of an unknown god.
   914 | D:2      | Prayed at the altar of an unknown god.
   914 | D:2      | Became a worshipper of Fedhas Madash
   914 | D:2      | Reached * piety under Fedhas
   991 | D:2      | Reached skill level 1 in Stealth
   991 | D:2      | Reached XP level 3. HP: 10/27 MP: 3/3
  1858 | D:3      | Reached XP level 4. HP: 6/34 MP: 4/4
  2283 | D:3      | Found a snail-covered altar of Cheibriados.
  2431 | D:3      | Found Cusso's General Store.
  2438 | D:3      | Bought 3 scrolls of identify for 72 gold pieces
  2569 | D:3      | Quit the game

Illustrated notes

Levels and vault maps discovered:
D:1:      saegor_arrival_simple_e, layout_loops_ring, serial_glass,
          glass_columns_a, glass_columns_b, item_on_display_a, item_on_display_a
D:2:      layout_rooms, shapermc_ecumenical_altar_totnotflames,
          minmay_tetromino_i2
D:3:      layout_basic, mainiacjoe_overflow_tiny_flanked, serial_shops,
          nicolae_square_shop

Skill      XL: |  1  2 |
---------------+-------+-----
Stealth        | 1 |  1.6
Fighting       | |  2.6
Short Blades   | |  1.0
Armour         | |  5.3
Dodging        | |  1.9
Shields        | |  1.9

Action                   |  1- 3 |  4- 6 || total
-------------------------+-------+-------++-------
Melee: Short sword       |   102 |    47 ||   149
Throw: Dart              |     5 |       ||     5
  Use: Potion            |     1 |       ||     1
       Scroll            |       |     4 ||     4
Armor: Chain mail        |    60 |    16 ||    76
Dodge: Dodged            |    30 |     9 ||    39
Block: Buckler           |    20 |    12 ||    32
